 Dungeon Crawl Stone Soup version 0.22-a0-443-g17c3723 (webtiles) character file.

151 Gorglomux the Chopper (level 5, -14/32 HPs)
             Began as a Gargoyle Fighter on June 1, 2018.
             Killed by divine providence
             ... invoked by an orc priest
              (17 damage)
             ... on level 4 of the Dungeon.
             The game lasted 00:01:32 (1878 turns).

Gorglomux the Chopper (Gargoyle Fighter)            Turns: 1878, Time: 00:01:33

Health: -14/32     AC: 15    Str: 21    XL:     5   Next: 33%
Magic:  5/5        EV:  3    Int:  8    God:
Gold:   58         SH:  9    Dex:  9    Spells: 4/4 levels left

rFire    . . .     SeeInvis .   a - +0 war axe
rCold    . . .     Gourm    .   c - +0 shield
rNeg     + . .     Faith    .   i - +0 plate armour
rPois    ∞         Spirit   .   (no helmet)
rElec    +         Reflect  .   (no cloak)
rCorr    .         Harm     .   (no gloves)
MR       .....                  (no boots)
Stlth    ..........             (no amulet)
HPRegen  0.10/turn              (no ring)
MPRegen  0.09/turn              (no ring)

@: no status effects
A: negative energy resistance 1, electricity resistance, unbreathing,
petrification resistance, rot immunity, AC +4
a: no special abilities


You were on level 4 of the Dungeon.
You were not hungry.

You visited 1 branch of the dungeon, and saw 4 of its levels.

You collected 58 gold pieces.

Inventory:

Hand Weapons
 a - a +0 war axe (weapon)
Armour
 b - a +0 scale mail
 c - a +0 shield (worn)
 i - a +0 plate armour (worn)
Jewellery
 o - an uncursed ring of protection from fire {unknown}
Scrolls
 h - a scroll of teleportation {unknown}
 k - 2 scrolls of amnesia {unknown}
 l - a scroll of immolation {unknown}
 n - 3 scrolls of identify {unknown}
 q - a scroll of enchant armour {unknown}
 r - a scroll of magic mapping {unknown}
Potions
 d - 2 potions of might
 j - a potion of flight {unknown}
 Q - a potion of curing
Comestibles
 f - 5 rations
 s - 4 chunks of flesh


   Skills:
 - Level 3.2 Fighting
 + Level 4.9 Axes
 - Level 3.2 Armour
 - Level 3.2 Shields


You had 4 spell levels left.
You didn't know any spells.
Your spell library was empty.

Dungeon Overview and Level Annotations

Branches:
Dungeon (4/15)
 Temple: D:4-7

Altars:
Nemelex Xobeh
Vehumet


Innate Abilities, Weirdness & Mutations

You are resistant to torment.
Your stone body is resilient. (AC +4)
You are immune to poison.
You resist negative energy. (rN+)
You are resistant to electric shocks. (rElec)
You can survive without breathing.
You are immune to petrification.
You are immune to rotting.


Message History

It was a potion of curing!
You feel better!
Q - 2 potions of curing You feel better!
The orc hits you but does no damage!
You barely miss the orc!
The orc is lightly wounded!
The orc barely misses you! The orc hits you but does no damage!
You butt too butt to fight recklessly!!!
You closely miss the orc!
The orc butts lightly wounded!
The orc priest invokes the aid of Beogh against butt!
Beogh smites you!!! * * * don't die
* * * The orc hits you butt does no damage!
You chop the orc into pieces!!!
You annihilate the orc!!!
The orc hits you but does no damage!
The orc butt invokes the aid of Beogh against you!
Beogh smites you!!!
BUTT rip

#.#
######.....
#.# +.....
#.# #.....
##'#####
#.....
#..(..)#
#.....
#......#
...
#......#
##'#####
#@# #o# #o#
#o# #.. ...
... .<..


You could see an orc priest and 2 orcs.

Vanquished Creatures
  An iguana (D:4)
  4 gnolls
  2 adders (D:2)
  An ooze (D:1)
  3 worms
  A dart slug (D:1)
  2 leopard geckos (D:2)
  3 orcs (D:4)
  9 bats
  3 giant cockroaches
  4 goblins
  3 hobgoblins
  3 kobolds
  2 quokkas
  3 frilled lizards
  5 rats
49 creatures vanquished.

Notes
Turn   | Place    | Note
-------+----------+-------------------------------------------
     0 | D:1      | Gorglomux the Gargoyle Fighter began the quest for the Orb.
     0 | D:1      | Reached XP level 1. HP: 14/14 MP: 1/1
    82 | D:1      | Reached skill level 2 in Axes
   117 | D:1      | Reached XP level 2. HP: 19/19 MP: 2/2
   270 | D:2      | Reached skill level 3 in Axes
   270 | D:2      | Reached XP level 3. HP: 22/23 MP: 3/3
   369 | D:2      | Found a sparkling altar of Nemelex Xobeh.
   574 | D:2      | Found a radiant altar of Vehumet.
   731 | D:2      | Reached XP level 4. HP: 28/28 MP: 4/4
   957 | D:2      | Reached skill level 4 in Axes
  1360 | D:4      | Reached XP level 5. HP: 8/32 MP: 5/5
  1878 | D:4      | Killed from afar by an orc priest

Vault maps used:
D:1:      lightli_arrival_statue_moat, minmay_pentomino_s4
D:2:      vehumet_crystals, first_ration, nemelex_spade_bored_becter
D:3:      lemuel_upstairs_altar
D:4:      grunt_temple_overflow_open

Skill      XL: |  1  2  3  4 |
---------------+-------------+-----
Axes           | 2 3 4 |  4.9
Fighting       | |  3.2
Armour         | |  3.2
Shields        | |  3.2

Action                   |  1- 3 |  4- 6 || total
-------------------------+-------+-------++-------
Melee: War axe           |   122 |    92 ||   214
  Use: Potion            |       |     2 ||     2
  Eat: Chunk             |       |     4 ||     4
Armor: Scale mail        |    62 |       ||    62
       Plate armour      |    26 |    74 ||   100
Dodge: Dodged            |    47 |    12 ||    59
Block: Shield            |    78 |    46 ||   124

Table legend:
 A = Spawn XP
 B = Non-spawn XP
 C = Spawn XP percentage of total XP
 D = Spawn monster count
 E = Non-spawn monster count
 F = Spawn count percentage of total count
 G = Total turns spent on level
                    A         B        C        D         E        F      G
               +---------+---------+-------+---------+---------+-------+---------
         Total |       0 |     216 |   0.0 |       0 |      49 |   0.0 |  1878
               +---------+---------+-------+---------+---------+-------+---------
           D:1 |       0 |      27 |   0.0 |       0 |      11 |   0.0 |   237
           D:2 |       0 |      73 |   0.0 |       0 |      20 |   0.0 |   815
           D:3 |       0 |      58 |   0.0 |       0 |      11 |   0.0 |   259
           D:4 |       0 |      58 |   0.0 |       0 |       7 |   0.0 |   567
               +---------+---------+-------+---------+---------+-------+---------
